 Dungeon Crawl Stone Soup version 0.30-a0-170-g85af917532 (webtiles) character file.

Game seed: 8554322757910057581

1031 qw the Chopper (level 8, 0/50 HPs)
             Began as a Gargoyle Fighter on Sept 30, 2022.
             Slain by a killer bee (5 damage)
             ... on level 7 of the Dungeon.
             The game lasted 00:01:52 (4163 turns).

qw the Chopper (Gargoyle Fighter)                   Turns: 4163, Time: 00:01:52

Health: 0/50       AC: 18    Str: 21    XL:     8   Next: 23%
Magic:  8/8        EV:  7    Int: 10    God:
Gold:   158        SH:  9    Dex:  9    Spells: 7/7 levels left

rFire   . . .      SeeInvis .    Y - +3 war axe
rCold   . . .      Faith    .    c - +0 buckler
rNeg    + . .      Spirit   .    l - +0 chain mail
rPois   inf        Reflect  +    (helmet restricted)
rElec   +          Harm     .    q - +0 cloak
rCorr   .          Rampage  .    m - +1 pair of gloves
Will    +....                    (no boots)
Stlth   ..........               w - amulet of reflection
HPRegen 0.16/turn                (no ring)
MPRegen 0.11/turn                (no ring)

@: no status effects
A: sickness immunity, AC +5, negative energy resistance 1, electricity
resistance, torment resistance 1, petrification resistance, horns 1,
strong-willed 1
a: no special abilities


You were on level 7 of the Dungeon.
You visited 1 branch of the dungeon, and saw 5 of its levels.

You collected 218 gold pieces.
You spent 60 gold pieces at shops.


Innate Abilities, Weirdness & Mutations

You are immune to sickness and miasma.
Your stone body is resilient. (AC +5)
You are immune to poison.
You resist negative energy. (rN+)
You are resistant to electric shocks. (rElec)
You are resistant to unholy torment.
You are immune to petrification.
You have a pair of small horns on your head.
You are strong-willed. (Will+)


   Skills:
 - Level 5.6 Fighting
 + Level 7.4 Axes
 - Level 4.0 Armour
 - Level 1.2 Dodging
 - Level 3.2 Shields


You had 7 spell levels left.
You didn't know any spells.
Your spell library was empty.

Inventory:

Hand Weapons
 v - a +0 flail
 Y - a +3 war axe (weapon)
Armour
 c - a +0 buckler (worn)
 l - a +0 chain mail (worn)
 m - a +1 pair of gloves (worn)
 q - a +0 cloak (worn)
Jewellery
 g - a ring of fire
 w - an amulet of reflection (around neck)
Scrolls
 s - a scroll of identify
Potions
 a - a potion of attraction
 d - a potion of might
 h - 6 potions of curing
 i - 2 potions of mutation
 n - 2 potions of lignification
 p - a potion of degeneration {unknown}
 r - a potion of resistance {unknown}

Dungeon Overview and Level Annotations

Branches:
Dungeon (7/15)
 Temple: D:4-7

Altars:
Qazlal

Shops:
D:1 =   D:2 *


Message History

You hit the killer bee. The killer bee stings you.
You block the killer bee's attack.
The killer bee stings you but does no damage.
An orc comes into view. It is wielding a +0 club.
The killer bee stings you but does no damage. x2
You miss the killer bee.
The killer bee is lightly wounded.
You slash the killer bee!
The killer bee stings you but does no damage. x4
You slice the killer bee!!
You kill the killer bee!
You hit the killer bee.
The killer bee stings you but does no damage.
You block the killer bee's attack. The killer bee stings you.
You slash the killer bee!
The killer bee is severely wounded.
You closely miss the killer bee. The killer bee closely misses you.
The killer bee stings you.
The killer bee stings you but does no damage.
You block the killer bee's attack. The killer bee closely misses you.
The killer bee stings you but does no damage.
You closely miss the killer bee. Your headbutt misses the killer bee.
The killer bee is severely wounded.
You hit the killer bee. You block the killer bee's attack.
The killer bee stings you but does no damage. x2
The killer bee barely misses you.
You miss the killer bee.
The killer bee is severely wounded.
You hit the killer bee.
You block the killer bee's attack. x3; The killer bee stings you.
The killer bee closely misses you.
The killer bee stings you but does no damage.
You hit the killer bee.
You kill the killer bee!
You hit the killer bee.
The killer bee stings you but does no damage.
The ufetubus hits you but does no damage. x2
The killer bee stings you.
You die...

##########
........# ###
#.####.####
..###........#
#.#.###...#.#
#.###......###
#.# #......<..
#@# #......###
.....oy5#
##...#.#
........#
###.##.#
.####...#
#......# #...#
#......####
....#
#......>..#
##..##
#.....###)#
#.. #.....#
#.#### #####.#
#.....


You could see a killer bee, an orc and an ufetubus.

Vanquished Creatures
  An ice beast (D:7)
  An ogre (D:4)
  A centaur (D:7)
  A phantom (D:4)
  A kobold brigand (D:7)
  A bullfrog (D:7)
  A gnoll sergeant (D:7)
  A scorpion (D:3)
  3 killer bees (D:7)
  A hound (D:4)
  A gnoll bouda (D:4)
  2 iguanas (D:4)
  An orc wizard (D:4)
  8 gnolls
  5 adders
  A shadow imp (D:7)
  A worm (D:3)
  2 dart slugs (D:2)
  14 orcs
  5 endoplasms
  5 giant cockroaches
  10 goblins
  10 hobgoblins
  11 kobolds
  2 quokkas
  10 ball pythons
  13 bats
  6 frilled lizards
  4 rats
  A spectral hobgoblin (D:1)
124 creatures vanquished.

Notes
Turn   | Place    | Note
-------+----------+-------------------------------------------
     0 | D:1      | qw the Gargoyle Fighter began the quest for the Orb.
     0 | D:1      | Reached XP level 1. HP: 14/14 MP: 1/1
     0 | D:1      | 0 ||| qw: Version: 0.2-a-12-gaebbb33
     0 | D:1      | 0 ||| qw: Game counter: 1563
     0 | D:1      | 0 ||| qw: Always use a shield: true
     0 | D:1      | 0 ||| qw: God list: Okawaru
     0 | D:1      | 0 ||| qw: Allow faded altars: false
     0 | D:1      | 0 ||| qw: Do Orc after D:15 true
     0 | D:1      | 0 ||| qw: Do second Lair branch before Depths: true
     0 | D:1      | 0 ||| qw: Lair rune preference: random
     0 | D:1      | 0 ||| qw: Plans: Normal, Zot:1-4, God:TSO, Crypt, Tomb,
                  | Pan, Slime:5, Hells, Abyss, Orb
     0 | D:1      | 0 ||| PLANNING D:1-11
    21 | D:1      | Reached skill level 2 in Axes
    90 | D:1      | 90 ||| Stepping ~*~*~tactically~*~*~ (stealth).
    95 | D:1      | 95 ||| Stepping ~*~*~tactically~*~*~ (stealth).
    98 | D:1      | 98 ||| Stepping ~*~*~tactically~*~*~ (stealth).
   354 | D:1      | Reached XP level 2. HP: 19/19 MP: 2/2
   392 | D:1      | Found Xinwog's Jewellery Shoppe.
   403 | D:1      | 403 ||| SHOPLISTING +4 ring of evasion (432 gold, have 7).
   403 | D:1      | 403 ||| SHOPLISTING +4 ring of protection (432 gold, have
                  | 7).
   403 | D:1      | 403 ||| SHOPLISTING +6 ring of dexterity (432 gold, have
                  | 7).
   403 | D:1      | 403 ||| SHOPLISTING amulet of guardian spirit (360 gold,
                  | have 7).
   403 | D:1      | 403 ||| SHOPLISTING ring of fire (300 gold, have 7).
   403 | D:1      | 403 ||| SHOPLISTING ring of protection from cold (300 gold,
                  | have 7).
   403 | D:1      | 403 ||| SHOPLISTING ring of resist corrosion (240 gold,
                  | have 7).
   403 | D:1      | 403 ||| SHOPLISTING ring of see invisible (180 gold, have
                  | 7).
   403 | D:1      | 403 ||| SHOPLISTING ring of willpower (300 gold, have 7).
   456 | D:1      | Found a faded altar of an unknown god.
   694 | D:1      | Reached skill level 3 in Axes
   801 | D:1      | Reached XP level 3. HP: 20/23 MP: 3/3
  1065 | D:1      | 1065 ||| READING 2 scrolls labelled RAPRAICVAU.
  1066 | D:1      | 1066 ||| READING scroll labelled ECUERYQEHI.
  1067 | D:1      | 1067 ||| READING scroll labelled LASSUO PAWNITT.
  1068 | D:1      | 1068 ||| READING scroll labelled UNTUMU ERHO.
  1069 | D:1      | 1069 ||| READING scroll labelled FANUJO TEINT.
  1070 | D:1      | 1070 ||| DRINKING 2 emerald potions.
  1071 | D:1      | 1071 ||| DRINKING 2 sedimented sapphire potions.
  1071 | D:1      | Gained mutation: You have a pair of small horns on your
                  | head. [potion of mutation]
  1071 | D:1      | Gained mutation: You are strong-willed. (Will+) [potion of
                  | mutation]
  1072 | D:1      | 1072 ||| DROPPING scroll of magic mapping.
  1256 | D:2      | Found Likom's Assorted Antiques.
  1272 | D:2      | 1272 ||| SHOPLISTING 2 potions of curing (120 gold, have
                  | 77).
  1272 | D:2      | 1272 ||| BUYING potion of curing (60 gold).
  1272 | D:2      | Bought a potion of curing for 60 gold pieces
  1272 | D:2      | 1272 ||| SHOPLISTING potion of mutation (160 gold, have
                  | 17).
  1272 | D:2      | 1272 ||| SHOPLISTING scroll of identify (40 gold, have 17).
  1517 | D:2      | 1517 ||| Stepping ~*~*~tactically~*~*~ (hiding).
  1645 | D:2      | 1645 ||| Stepping ~*~*~tactically~*~*~ (hiding).
  1902 | D:2      | Found a stormy altar of Qazlal.
  2165 | D:2      | Reached XP level 4. HP: 28/28 MP: 4/4
  2170 | D:2      | 2170 ||| UPGRADING to +0 pair of gloves.
  2175 | D:2      | 2175 ||| UPGRADING to +0 cloak.
  2180 | D:2      | 2180 ||| DROPPING amulet of magic regeneration.
  2181 | D:2      | 2181 ||| READING scroll labelled EKEEZI PYROTTI.
  2182 | D:2      | 2182 ||| READING scroll labelled PUTEF NISYELIS.
  2183 | D:2      | 2183 ||| DRINKING 2 fizzy sapphire potions.
  2184 | D:2      | 2184 ||| DROPPING potion of brilliance.
  2208 | D:3      | 2208 ||| Stepping ~*~*~tactically~*~*~ (stealth).
  2210 | D:3      | 2210 ||| Stepping ~*~*~tactically~*~*~ (stealth).
  2226 | D:3      | 2226 ||| Stepping ~*~*~tactically~*~*~ (stealth).
  2230 | D:3      | 2230 ||| Stepping ~*~*~tactically~*~*~ (stealth).
  2232 | D:3      | 2232 ||| Stepping ~*~*~tactically~*~*~ (stealth).
  2243 | D:3      | Reached skill level 4 in Axes
  2271 | D:3      | 2271 ||| Stepping ~*~*~tactically~*~*~ (stealth).
  2276 | D:3      | 2276 ||| Stepping ~*~*~tactically~*~*~ (stealth).
  2305 | D:3      | 2305 ||| FLEEEEING.
  2335 | D:3      | 2335 ||| Stepping ~*~*~tactically~*~*~ (stealth).
  2460 | D:3      | Noticed a scorpion
  2463 | D:3      | 2463 ||| Stepping ~*~*~tactically~*~*~ (stealth).
  2464 | D:3      | 2464 ||| Stepping ~*~*~tactically~*~*~ (stealth).
  2473 | D:3      | Killed a scorpion
  2474 | D:3      | Reached XP level 5. HP: 27/32 MP: 5/5
  2494 | D:3      | 2494 ||| Stepping ~*~*~tactically~*~*~ (stealth).
  2514 | D:3      | 2514 ||| Stepping ~*~*~tactically~*~*~ (stealth).
  2515 | D:3      | 2515 ||| Stepping ~*~*~tactically~*~*~ (stealth).
  2536 | D:3      | 2536 ||| DROPPING +0 whip.
  2540 | D:3      | 2540 ||| Stepping ~*~*~tactically~*~*~ (stealth).
  2576 | D:3      | 2576 ||| READING scroll of enchant armour.
  2576 | D:3      | 2576 ||| ENCHANTING +0 pair of gloves.
  2653 | D:3      | Reached skill level 5 in Axes
  2688 | D:3      | 2688 ||| Stepping ~*~*~tactically~*~*~ (stealth).
  2817 | D:3      | 2817 ||| UPGRADING to +0 chain mail.
  2827 | D:3      | 2827 ||| DROPPING +0 scale mail.
  2828 | D:3      | 2828 ||| UPGRADING to amulet of reflection.
  2833 | D:3      | 2833 ||| DROPPING ring of wizardry.
  2834 | D:3      | 2834 ||| READING scroll labelled XOERCHU UNUEPY.
  2835 | D:3      | 2835 ||| READING scroll labelled AZUIRUR IPTAIC.
  2836 | D:3      | 2836 ||| READING scroll labelled ICHEMMUGEE.
  2837 | D:3      | 2837 ||| READING 3 scrolls labelled OROULUDDAGHY.
  2838 | D:3      | 2838 ||| READING 4 scrolls of identify.
  2838 | D:3      | 2838 ||| IDENTIFYING bubbling emerald potion
  2839 | D:3      | 2839 ||| READING 3 scrolls of identify.
  2839 | D:3      | 2839 ||| IDENTIFYING smoky black potion
  2840 | D:3      | 2840 ||| READING 2 scrolls of identify.
  2840 | D:3      | 2840 ||| IDENTIFYING metallic ruby potion
  2841 | D:3      | 2841 ||| DROPPING potion of berserk rage.
  2842 | D:3      | 2842 ||| DROPPING potion of invisibility.
  2843 | D:3      | 2843 ||| DROPPING 2 scrolls of vulnerability.
  2861 | D:4      | 2861 ||| STAIRDANCE
  2873 | D:4      | Noticed an ogre
  2874 | D:4      | 2874 ||| Stepping ~*~*~tactically~*~*~ (stealth).
  2891 | D:4      | 2891 ||| Stepping ~*~*~tactically~*~*~ (stealth).
  2906 | D:4      | Reached XP level 6. HP: 26/38 MP: 6/6
  2909 | D:4      | 2909 ||| FLEEEEING.
  2910 | D:4      | 2910 ||| FLEEEEING.
  2915 | D:4      | 2915 ||| FLEEEEING.
  2916 | D:4      | 2916 ||| FLEEEEING.
  2917 | D:4      | 2917 ||| FLEEEEING.
  2919 | D:4      | 2919 ||| FLEEEEING.
  2921 | D:4      | 2921 ||| STAIRDANCE
  3008 | D:4      | 3008 ||| STAIRDANCE
  3320 | D:4      | 3320 ||| Stepping ~*~*~tactically~*~*~ (stealth).
  3337 | D:4      | 3337 ||| Stepping ~*~*~tactically~*~*~ (hiding).
  3339 | D:4      | 3339 ||| Stepping ~*~*~tactically~*~*~ (hiding).
  3360 | D:4      | HP: 8/38 [gnoll/+0 whip[a gnoll bouda] (6)]
  3361 | D:4      | 3361 ||| DRINKING potion of heal wounds.
  3368 | D:4      | Reached skill level 6 in Axes
  3373 | D:4      | HP: 9/38 [orc/+2 vorpal hand axe (1)]
  3377 | D:4      | Reached skill level 1 in Dodging
  3378 | D:4      | Reached XP level 7. HP: 10/43 MP: 7/7
  3381 | D:4      | HP: 8/43 [phantom (3)]
  3612 | D:4      | 3612 ||| Stepping ~*~*~tactically~*~*~ (stealth).
  3615 | D:4      | 3615 ||| Stepping ~*~*~tactically~*~*~ (stealth).
  3863 | D:4      | You fall into a shaft and drop 3 floors!
  3900 | D:7      | 3900 ||| Stepping ~*~*~tactically~*~*~ (hiding).
  3969 | D:7      | 3969 ||| Stepping ~*~*~tactically~*~*~ (stealth).
  3977 | D:7      | Reached skill level 7 in Axes
  4043 | D:7      | 4043 ||| READING scroll labelled VIFILU IHUAW.
  4051 | D:7      | 4051 ||| READING 3 scrolls labelled GIRUSTRAGGU.
  4052 | D:7      | 4052 ||| READING 2 scrolls of enchant weapon.
  4052 | D:7      | 4052 ||| ENCHANTING +1 war axe.
  4053 | D:7      | 4053 ||| READING scroll of enchant weapon.
  4053 | D:7      | 4053 ||| ENCHANTING +2 war axe.
  4054 | D:7      | 4054 ||| DRINKING 3 viscous silvery potions.
  4087 | D:7      | 4087 ||| READING 2 scrolls of identify.
  4087 | D:7      | 4087 ||| IDENTIFYING puce potion
  4125 | D:7      | 4125 ||| Stepping ~*~*~tactically~*~*~ (hiding).
  4134 | D:7      | Reached XP level 8. HP: 37/50 MP: 8/8
  4160 | D:7      | HP: 8/50 [killer bee (6)]
  4163 | D:7      | Slain by a killer bee

Levels and vault maps discovered:
D:1:      dpeg_arrival_windows_large_door, layout_basic, serial_shops, shop,
          dreamdust_ecumenical_altar_drowned_temple
D:2:      layout_basic, basic_altar, serial_shops, shop
D:3:      layout_basic, minmay_joined_circles
D:4:      nicolae_cairo_tiling_large_dashed, layout_basic,
          chequers_temple_overflow_statue_of_worship, minmay_starry_boxes
D:7:      layout_loops_ring

Skill      XL: |  1  2  3  4  5  6  7  8 |
---------------+-------------------------+-----
Axes           | 2 3 4 5 6 7 |  7.4
Fighting       | 4 5 |  5.6
Dodging        | 1 |  1.2
Armour         | 4 |  4.0
Shields        | |  3.2

Action                   |  1- 3 |  4- 6 |  7- 9 || total
-------------------------+-------+-------+-------++-------
Melee: War axe           |   119 |   141 |    90 ||   350
       Headbutt          |     5 |    25 |     6 ||    36
  Use: Scroll            |     5 |    10 |     5 ||    20
       Potion            |     2 |     2 |     1 ||     5
 Stab: Distracted        |       |       |     1 ||     1
Armor: Scale mail        |    48 |    43 |       ||    91
       Chain mail        |       |    35 |    73 ||   108
       Skin              |       |       |     2 ||     2
Dodge: Dodged            |    55 |    58 |    27 ||   140
Block: Buckler           |    16 |    49 |    51 ||   116
       Reflection        |       |     1 |     1 ||     2

Table legend:
 A = Non-vault XP
 B = Vault XP
 C = Vault XP percentage of total XP
 D = Non-vault monster count
 E = Vault monster count
 F = Vault count percentage of total count
                 A         B        C        D         E       F
            +---------+---------+-------+---------+---------+-------
      Total |    1418 |     119 |   7.7 |     109 |      15 |  12.1
            +---------+---------+-------+---------+---------+-------
        D:1 |      38 |       1 |   2.6 |      25 |       1 |   3.8
        D:2 |      43 |       0 |   0.0 |      22 |       0 |   0.0
        D:3 |      63 |      99 |  61.1 |      22 |      10 |  31.2
        D:4 |     524 |      19 |   3.5 |      24 |       4 |  14.3
        D:7 |     750 |       0 |   0.0 |      16 |       0 |   0.0
            +---------+---------+-------+---------+---------+-------
